 Dungeon Crawl Stone Soup version 0.31-a0-1338-gb567cfdca4 (webtiles) character file.

Game seed: 10598494445171797945

11465 grandjackal the Thaumaturge (level 11, -9/54 HPs)
             Began as a Deep Elf Conjurer on Dec 22, 2023.
             Was a Priest of Sif Muna.
             Mangled by Erica
             ... wielding a +1 scimitar of flaming
              (11 damage)
             ... on level 10 of the Dungeon.
             The game lasted 00:23:08 (10867 turns).

grandjackal the Thaumaturge (Deep Elf Conjurer)    Turns: 10867, Time: 00:23:10

Health: -9/54      AC:  6    Str:  4    XL:     11   Next: 49%
Magic:  3/29       EV: 12    Int: 28    God:    Sif Muna [***...]
Gold:   257        SH:  5    Dex: 15    Spells: 14/35 levels left

rFire   + . .        s - +3 rapier (drain)
rCold   . . .        H - orb {*channel}
rNeg    . . .        G - +2 robe {Will+}
rPois   .            r - +1 hat
rElec   .            (no cloak)
rCorr   .            M - +0 pair of gloves of the Other World {Regen+ Dex+2}
SInv    .            (no boots)
Will    +....        v - amulet of reflection
Stlth   ++           R - ring of protection from fire
HPRegen 1.09/turn    c - ring of wizardry
MPRegen 0.21/turn

%: reflection, wizardry (x1), channel magic (20%)
@: about to teleport, weak-willed, marked
A: no striking features
a: Renounce Religion, Channel Magic, Forget Spell


You were on level 10 of the Dungeon.
You worshipped Sif Muna.
Sif Muna was most pleased with you.
You visited 2 branches of the dungeon, and saw 11 of its levels.

You collected 523 gold pieces.
You spent 266 gold pieces at shops.

Inventory:

Hand Weapons
 s - a +3 rapier of draining (weapon)
Missiles
 Q - a throwing net
Armour
 r - a +1 hat (worn)
 G - a +2 robe of willpower (worn)
 H - an orb of energy (worn)
 I - a +0 pair of gloves
 M - the +0 pair of gloves of the Other World (worn) {Regen+ Dex+2}
   (You bought it in a shop on level 10 of the Dungeon)

   Dex+2:     It affects your dexterity (+2).
   Regen+:    It increases your rate of health regeneration.
 O - a +1 robe of cold resistance
Jewellery
 c - a ring of wizardry (right hand)
 v - an amulet of reflection (around neck)
 L - a ring of flight
 N - a ring of ice
 R - a ring of protection from fire (left hand)
Wands
 a - a wand of mindburst (11)
 n - a wand of charming (14)
 o - a wand of flame (53)
 A - a wand of iceblast (15)
 B - a wand of digging (1)
 S - a wand of polymorph (7)
Scrolls
 d - 3 scrolls of fog
 e - 3 scrolls of fear
 g - a scroll of immolation
 k - 2 scrolls of noise {unknown}
 q - 2 scrolls of vulnerability
 u - a scroll of summoning {unknown}
 w - 2 scrolls of enchant armour
 x - a scroll of blinking {unknown}
 y - 2 scrolls of teleportation
 z - 3 scrolls of torment
 E - 2 scrolls of amnesia {unknown}
 J - a scroll of poison {unknown}
Potions
 b - 4 potions of magic
 f - a potion of resistance
 h - 3 potions of invisibility
 i - 6 potions of haste
 j - a potion of cancellation {unknown}
 l - 3 potions of might
 m - 2 potions of brilliance
 p - 5 potions of mutation
 t - 2 potions of heal wounds {unknown}
 C - a potion of attraction {unknown}
 D - 2 potions of curing {unknown}
 F - a potion of experience {unknown}
 K - a potion of enlightenment {unknown}
 P - a potion of lignification {unknown}


   Skills:
 - Level 2.4 Dodging
 - Level 2.4 Stealth
 + Level 12.8 Spellcasting
 - Level 10.1 Conjurations
 + Level 7.9 Necromancy
 - Level 6.1 Translocations
 + Level 9.6 Alchemy
 + Level 5.1 Invocations


You had 14 spell levels left.
You knew the following spells:

 Your Spells              Type           Power      Damage    Failure   Level
a - Magic Dart            Conj           100%       1d8       1%          1
b - Searing Ray           Conj           100%       2d8       1%          2
c - Fulminant Prism       Conj/Alch      32%        3d15      1%          4
d - Iskenderun's Mystic   Conj/Tloc      59%        2d12      2%          4
e - Dispel Undead         Necr           58%        3d21      2%          4
f - Blink                 Tloc           100%       N/A       1%          2
g - Anguish               Hex/Necr       20%        N/A       7%          4

Your spell library contained the following spells:

 Spells                   Type           Power      Damage    Failure   Level
 Apportation              Tloc           100%       N/A       1%          1
 Necrotise                Necr           100%       1d9       1%          1
 Sting                    Conj/Alch      100%       1d9       1%          1
 Cigotuvi's Dreadful Rot  Necr/Alch/Air  100%       N/A       1%          2
 Fugue of the Fallen      Necr           58%        N/A       1%          3
 Summon Small Mammal      Summ           68%        N/A       4%          1
 Call Imp                 Summ           34%        N/A       6%          2
 Ensorcelled Hibernation  Hex/Ice        34%        N/A       6%          2
 Death Channel            Necr           29%        N/A       16%         6


Dungeon Overview and Level Annotations

Branches:
Dungeon (10/15)            Temple (1/1) D:4
   Lair: D:8-11         Orc: D:9-12

Altars:
Ashenzari
Cheibriados
Dithmenos
Elyvilon
Fedhas
Gozag
Hepliaklqana
Kikubaaqudgha
Makhleb
Nemelex Xobeh
Okawaru
Qazlal
Ru
Sif Muna
Trog
Uskayaw
Vehumet
Wu Jian
Xom
Zin
The Shining One
Lugonu

Shops:
D:4 *   D:5 (   D:10 [

Annotations:
D:5 2 transporters
D:6 2 transporters, IdlyInterested's ghost, novice DsFi
D:8 1 transporter
D:10 Erica


Message History

As you read the scroll labelled FUSYCV OLUSK, it crumbles to dust.
It is a scroll of enchant armour.
Your +0 hat glows green for a moment.
The unseen horror zombie hits you. x3
As you read the scroll labelled BUPAEM JONE, it crumbles to dust.
The creatures around you are filled with an inner flame!
It was a scroll of immolation.
The unseen horror zombie hits you.
The unseen horror zombie closely misses you.
The unseen horror zombie hits you.
As you read the scroll labelled JEONWORHISS, it crumbles to dust.
Your body is wracked with pain!
* * * LOW HITPOINT WARNING * * *
Something is bathed in an unholy light!
Flame seeps out of something.
The yak convulses!
It was a scroll of torment.
The unseen horror zombie closely misses you. x2
Flame seeps out of something.
Aiming: Iceblast
Press: ? - help, Shift-Dir - straight line, f - unseen horror zombie
Aim: an unseen horror zombie (flame, lightly damaged, inner flame, weak-willed)
The mass of ice explodes!
The iceblast engulfs something!
Flame seeps out of something.
The iceblast engulfs the unseen horror zombie.
The unseen horror zombie partially resists.
Flame seeps out of the unseen horror zombie.
The unseen horror zombie is lightly damaged.
The iceblast engulfs you!
* * * LOW HITPOINT WARNING * * *
The unseen horror zombie is engulfed in blazing flames.
Flame seeps out of the unseen horror zombie.
The unseen horror zombie hits you but does no damage.
Unknown command.
Unknown command.
Okay, then.
As you read the scroll labelled LUYLYTUEMEQ, it crumbles to dust.
You feel strangely unstable.
It was a scroll of teleportation.
The unseen horror zombie misses you. The unseen horror zombie hits you.
* * * LOW HITPOINT WARNING * * *
The unseen horror zombie hits you.
* * * LOW HITPOINT WARNING * * *
Flame seeps out of something.
Something hits you!
You die...

#.(..#...#.§≈Z..§§.#..#.......
#..(.#...#.≈.≈≈≈.≈.#.##.......
#Y.....##.≈.....≈.#.....)....
##......##..≈≈≈≈≈..#..........
#.Y.......#########....##..##.
......†.###......####...#.####
....###.........####......##
##. ##.)##Z.....####.#<..#
#.>.°○@.....# ####..#
###.Y......## ###.##
#.......## #....# ###....##
##..## ##.### ##.# ### ###


You could see a yak and an unseen horror zombie (inner flame, weak-willed).

Vanquished Creatures
  Harold (D:10)
  Fannar (D:10)
  3 two-headed ogres
  A centaur zombie (D:10)
  Jeremiah (D:7)
  Joseph (D:7)
  A komodo dragon (D:10)
  A kobold demonologist (D:9)
  A hornet (D:7)
  A troll (D:10)
  Prince Ribbit (D:6)
  2 shadows
  2 wraiths
  A wyvern (D:8)
  13 yaks (D:10)
  An acid dragon (D:9)
  2 water moccasins
  Duvessa (D:7)
  3 black bears
  2 ogres
  2 phantoms
  3 centaurs
  A kobold brigand (D:8)
  5 bullfrogs
  A gnoll sergeant (D:9)
  A scorpion (D:5)
  7 wights
  Dowan (D:7)
  3 killer bees (D:9)
  2 howler monkeys
  A crimson imp (D:7)
  4 orc priests
  A gnoll bouda (D:7)
  2 hounds (D:5)
  2 sleepcaps
  Jessica (D:2)
  Natasha (thrice) (D:2)
  Terence (D:2)
  5 iguanas
  7 orc wizards
  15 gnolls
  5 adders
  3 worms
  4 dart slugs
  20 orcs
  4 ball pythons
  8 endoplasms
  5 giant cockroaches
  10 goblins
  10 hobgoblins
  3 quokkas
  8 bats
  3 frilled lizards
  13 kobolds
  8 rats
212 creatures vanquished.

Vanquished Creatures (others)
  A gargoyle (D:10)
  A hornet (D:10)
  45 fulminant prisms
47 creatures vanquished.

Grand Total: 259 creatures vanquished

Notes
Turn   | Place    | Note
-------+----------+-------------------------------------------
     0 | D:1      | grandjackal the Deep Elf Conjurer began the quest for the
                  | Orb.
     0 | D:1      | Reached XP level 1. HP: 10/10 MP: 6/6
   212 | D:1      | Reached XP level 2. HP: 15/15 MP: 4/8
   767 | D:1      | Reached skill level 4 in Spellcasting
   865 | D:1      | Learned a level 2 spell: Searing Ray
   991 | D:2      | Reached skill level 5 in Conjurations
   991 | D:2      | Reached XP level 3. HP: 19/19 MP: 8/10
  1337 | D:2      | Noticed Jessica
  1342 | D:2      | Killed Jessica
  1343 | D:2      | Reached XP level 4. HP: 20/24 MP: 5/12
  1551 | D:2      | Noticed Terence
  1559 | D:2      | Killed Terence
  1560 | D:2      | Reached skill level 5 in Spellcasting
  1687 | D:2      | Noticed Natasha
  1689 | D:2      | Killed Natasha
  1922 | D:2      | Noticed Natasha
  1928 | D:2      | Killed Natasha
  1929 | D:2      | Reached XP level 5. HP: 11/28 MP: 6/15
  2025 | D:2      | Noticed Natasha
  2031 | D:2      | Killed Natasha
  2166 | D:3      | Learned a level 4 spell: Fulminant Prism
  2171 | D:3      | Learned a level 4 spell: Iskenderun's Mystic Blast
  2245 | D:3      | Found a blossoming altar of Fedhas.
  2670 | D:3      | Noticed an ogre
  2677 | D:3      | Killed an ogre
  2678 | D:3      | Reached skill level 6 in Spellcasting
  2678 | D:3      | Reached skill level 1 in Translocations
  2678 | D:3      | Reached skill level 1 in Alchemy
  2678 | D:3      | Reached XP level 6. HP: 6/32 MP: 5/17
  3430 | D:4      | Reached XP level 7. HP: 36/36 MP: 18/18
  3590 | D:4      | Found an ancient bone altar of Kikubaaqudgha.
  3641 | D:4      | Found Anucrext's Overcharged Wands.
  3772 | D:4      | Found a staircase to the Ecumenical Temple.
  3783 | Temple   | Entered the Ecumenical Temple
  3830 | Temple   | Became a worshipper of Sif Muna the Loreminder
  3867 | D:5      | Entered Level 5 of the Dungeon
  3987 | D:5      | Identified the +0 ring mail "Useaddi" {rN+ Stlth+}
  4098 | D:5      | Found an opulent altar of Gozag.
  4139 | D:5      | Reached skill level 7 in Spellcasting
  4181 | D:5      | Found a transporter.
  4386 | D:5      | Reached XP level 8. HP: 41/41 MP: 16/21
  4565 | D:5      | Found Opiorruutia's Weapon Shop.
  4619 | D:5      | Found a transporter.
  4679 | D:5      | Found a glowing silver altar of Zin.
  4826 | D:5      | Found an ornate altar of the Wu Jian Council.
  4874 | D:6      | Found a transporter.
  4878 | D:6      | Found a transporter.
  4878 | D:6      | Noticed IdlyInterested's ghost (novice DsFi)
  4902 | D:6      | Noticed Prince Ribbit
  4909 | D:6      | Killed Prince Ribbit
  4910 | D:6      | Reached skill level 8 in Spellcasting
  5163 | D:6      | Found a sparkling altar of Nemelex Xobeh.
  5163 | D:6      | Found an iron altar of Okawaru.
  5163 | D:6      | Found a broken altar of Ashenzari.
  5823 | D:6      | Found a glowing golden altar of the Shining One.
  5965 | D:6      | Learned a level 4 spell: Dispel Undead
  6058 | D:7      | Noticed a hornet
  6060 | D:7      | Paralysed by a hornet for 2 turns
  6066 | D:7      | Killed a hornet
  6067 | D:7      | Reached skill level 5 in Translocations
  6067 | D:7      | Reached skill level 5 in Alchemy
  6345 | D:7      | Reached * piety under Sif Muna
  6543 | D:7      | Noticed Jeremiah
  6557 | D:7      | Killed Jeremiah
  6558 | D:7      | Reached skill level 9 in Spellcasting
  6558 | D:7      | Reached XP level 9. HP: 45/45 MP: 8/24
  6830 | D:7      | Noticed Joseph
  6836 | D:7      | Killed Joseph
  6941 | D:7      | Reached skill level 1 in Necromancy
  6957 | D:7      | Noticed Duvessa
  6963 | D:7      | Killed Duvessa
  6964 | D:7      | Noticed Dowan
  6967 | D:7      | Killed Dowan
  7210 | D:7      | Found a shimmering altar of Xom.
  7211 | D:7      | Found a burning altar of Makhleb.
  7241 | D:7      | Reached skill level 10 in Spellcasting
  8296 | D:8      | Reached ** piety under Sif Muna
  8392 | D:8      | Found a transporter.
  8615 | D:8      | Reached XP level 10. HP: 50/50 MP: 22/26
  9347 | D:9      | Noticed a two-headed ogre
  9355 | D:9      | Killed a two-headed ogre
  9356 | D:9      | Reached skill level 11 in Spellcasting
  9356 | D:9      | Reached skill level 10 in Conjurations
  9357 | D:9      | Noticed a sun demon
  9363 | D:9      | Reached skill level 5 in Necromancy
  9672 | D:10     | Entered Level 10 of the Dungeon
  9694 | D:10     | Found a bloodstained altar of Trog.
  9716 | D:10     | Found Renigoha's Antique Armour Boutique.
  9802 | D:10     | Bought a pair of jewelled gloves for 266 gold pieces
  9802 | D:10     | Identified the +0 pair of gloves of the Other World {Regen+
                  | Dex+2} (You bought it in a shop on level 10 of the Dungeon)
  9824 | D:10     | Reached skill level 1 in Invocations
  9842 | D:10     | Noticed a two-headed ogre
  9850 | D:10     | Killed a two-headed ogre
  9858 | D:10     | Noticed Fannar
 10022 | D:9      | Learned a level 2 spell: Blink
 10027 | D:9      | Learned a level 4 spell: Anguish
 10038 | D:10     | Reached skill level 12 in Spellcasting
 10038 | D:10     | Reached XP level 11. HP: 54/54 MP: 24/29
 10046 | D:10     | Killed Fannar
 10265 | D:10     | Reached *** piety under Sif Muna
 10317 | D:10     | Noticed a two-headed ogre
 10323 | D:10     | Killed a two-headed ogre
 10830 | D:10     | Noticed Harold
 10844 | D:10     | Killed Harold
 10845 | D:10     | Reached skill level 5 in Invocations
 10851 | D:10     | Noticed Erica
 10867 | D:10     | HP: 2/54 [unseen horror zombie (5)]
 10867 | D:10     | Mangled by Erica

Illustrated notes

Levels and vault maps discovered:
D:1:      mainiacjoe_arrival_reflecting_pool, layout_loops_ring
D:2:      layout_loops_ring, uniq_natasha, uniq_terence, uniq_jessica
D:3:      layout_loops_cross, overflow_temple_1_default, st_stairs_9,
          chequers_decorated_corner
D:4:      layout_rooms, mainiacjoe_overflow_alcove_4,
          minmay_temple_entry_poolview, nicolae_shop_overcharged_wands
D:5:      gammafunk_cloud_chamber, layout_basic,
          pdpol_temple_overflow_zin_treasury_gozag_greed,
          nicolae_wu_jian_immortal_techniques, serial_shops,
          nicolae_shop_tiny_statue_garden, hangedman_abyss_or_decor_slice
D:6:      layout_basic, nicolae_tso_swordbearing_angel,
          chequers_temple_overflow_statue_of_worship, gammafunk_ghost_arena,
          uniq_prince_ribbit1
D:7:      layout_layer_cave, grunt_temple_overflow_champion_of_chaos,
          uniq_jeremiah, uniq_joseph, uniq_duvessa
D:8:      layout_rooms, chequers_avenue, nicolae_diode_basic
D:9:      layout_basic
D:10:     minmay_angry_zag, layout_cave_pools, mainiacjoe_overflow_paths,
          lemuel_mausoleum_altar_yredelemnul, david_lair_shrubbed, serial_shops,
          nicolae_shop_getting_attention, uniq_erica, uniq_harold, uniq_fannar
Temple:   kb_corrupted_temple

Skill      XL: |  1  2  3  4  5  6  7  8  9 10 11 |
---------------+----------------------------------+-----
Spellcasting   | 4 5 6 7 9 10 12 | 12.8
Conjurations   | 5 6 7 8 9 10 | 10.1
Translocations | 1 2 3 5 6 |  6.1
Alchemy        | 1 2 3 5 7 8 9 |  9.6
Necromancy     | 3 6 7 |  7.9
Invocations    | 3 5 |  5.1
Dodging        | |  2.4
Stealth        | |  2.4

Action                     |  1- 3 |  4- 6 |  7- 9 | 10-12 || total
---------------------------+-------+-------+-------+-------++-------
  Melee: Rapier            |       |    40 |    14 |     7 ||    61
   Cast: Magic Dart        |    58 |    23 |     9 |       ||    90
         Searing Ray       |     1 |    17 |    57 |    44 ||   119
         Iskenderun's Myst |       |     2 |     4 |    13 ||    19
         Fulminant Prism   |       |       |    21 |    24 ||    45
         Anguish           |       |       |       |     3 ||     3
  Evoke: Wand              |       |       |     2 |     1 ||     3
    Use: Scroll            |       |     4 |     3 |     6 ||    13
   Stab: Sleeping          |       |     5 |       |     1 ||     6
         Distracted        |       |       |     2 |       ||     2
 Armour: Robe              |     5 |    40 |    48 |    72 ||   165
  Dodge: Dodged            |     4 |    29 |    25 |    53 ||   111
  Block: Other             |       |     6 |    10 |       ||    16
         Reflection        |       |       |     3 |       ||     3

Table legend: (Time is in decaauts)
 A = Elapsed time spent in this place.
 B = Non-inter-level travel time spent in this place.
 C = Inter-level travel time spent in this place.
 D = Time resting spent in this place.
 E = Time spent auto-exploring this place.
 F = Levels seen in this place.
 G = Mean time per level.
                   A        B        C        D        E       F      G
               +--------+--------+--------+--------+--------+-----+--------+
         Total |  10887 |  10553 |    334 |   2820 |   6205 |  11 |  989.7 |
       Dungeon |  10827 |  10506 |    321 |   2820 |   6205 |  10 | 1082.7 |
        Temple |     60 |     47 |     13 |      0 |      0 |   1 |   60.0 |
               +--------+--------+--------+--------+--------+-----+--------+

Top non-repeatable levels by time:
     D:7: 1574 daAuts
     D:6: 1368 daAuts
     D:2: 1244 daAuts
     D:9: 1200 daAuts
     D:5: 1002 daAuts
    D:10: 937 daAuts
     D:8: 929 daAuts
     D:1: 895 daAuts
     D:3: 857 daAuts
     D:4: 817 daAuts
  Temple: 60 daAuts
